 Dungeon Crawl Stone Soup version 0.31-a0-214-gb37851dbb3 (webtiles) character file.

Game seed: 993029120341264123

65 Losyloc the Insei (level 4, -3/31 HPs)
             Began as an Octopode Chaos Knight on July 1, 2023.
             Was a Plaything of Xom.
             Killed from afar by Pargi the rime drake (20 damage)
             ... with an icy flash freeze
             ... in a sewer.
             The game lasted 00:06:20 (1615 turns).

Losyloc the Insei (Octopode Chaos Knight)           Turns: 1615, Time: 00:06:22

Health: -3/31      AC:  3    Str: 11    XL:     4   Next: 14%
Magic:  7/7        EV: 13    Int: 16    God:    Xom [..*...]
Gold:   93         SH:  0    Dex: 11    Spells: 8/8 levels left

rFire   . .          .
                       - Unarmed
rCold   . . .        (no shield)
rNeg    + . .        (helmet restricted)
rPois   +            (no amulet)
rElec   .            h - ring of positive energy
rCorr   .            i - ring of poison resistance
SInv    .            (no ring)
Will    +....        (no ring)
Stlth   ++           (no ring)
HPRegen 0.25/turn    (no ring)
MPRegen 0.10/turn    (no ring)
                     (no ring)

%: no passive effects
@: no status effects
A: almost no armour, amphibious, 8 rings, camouflage 1, gelatinous body 1,
(nimble swimmer 1), tentacles, iridescent scales 1, strong-willed 1
a: Renounce Religion


You were in a sewer.
You worshipped Xom.
You were a toy of Xom.
You visited 1 branch of the dungeon, and saw 3 of its levels.
You also visited: Sewer.

You collected 93 gold pieces.

Inventory:

Jewellery
 h - a ring of positive energy (left tentacle)
 i - a ring of poison resistance (right tentacle)
Scrolls
 f - a scroll of teleportation {unknown}
 g - 2 scrolls of fear {unknown}
 l - 2 scrolls of vulnerability {unknown}
 n - 2 scrolls of blinking {unknown}
 o - a scroll of summoning {unknown}
 p - a scroll of brand weapon {unknown}
Potions
 b - 2 potions of haste {unknown}
 c - a potion of enlightenment {unknown}
 d - a potion of resistance {unknown}
 e - 3 potions of berserk rage {unknown}
 j - a potion of curing {unknown}
 k - 2 potions of mutation {unknown}
 m - 2 potions of brilliance {unknown}
Miscellaneous
 a - a piece from Xom's chessboard (14/15) (quivered)


   Skills:
 - Level 3.0 Fighting
 - Level 2.3 Dodging
 - Level 3.0 Unarmed Combat
 * Level 2.5 Spellcasting
 + Level 2.4 Poison Magic


You had 8 spell levels left.
You didn't know any spells.
Your spell library contained the following spells:

 Spells                   Type           Power      Damage    Failure   Level
 Stone Arrow              Conj/Erth      4%         3d7       52%         3
 Lehudib's Crystal Spear  Conj/Erth      1%         10d2      100%        8
 Animate Armour           Summ/Erth      Unusable   N/A       N/A         4

Dungeon Overview and Level Annotations

Branches:
Dungeon (3/15)              Sewer (1/1)

Altars:

Annotations:
Sewer Pargi


Innate Abilities, Weirdness & Mutations

You cannot wear most types of armour.
You are amphibious.
You can wear up to eight rings at the same time.
Your skin changes colour to match your surroundings (Stealth+).
Your rubbery body absorbs attacks. (AC +1, EV +1)
((You are camouflaged when in or above water. (Stealth+)))
You have tentacles for arms and can constrict up to eight enemies at once.
You are partially covered in iridescent scales. (AC +2)
You are strong-willed. (Will+)


Message History

You tentacle-slap Pargi but do no damage.
Pargi is moderately wounded.
Pargi bites you.
Pargi claws you. x2; Your hound bites Pargi.
You tentacle-slap Pargi. You squeeze Pargi!
Pargi is severely wounded.
Your hound closely misses Pargi.
Pargi seems less confused.
Your hound barely misses Pargi.
Pargi barely misses you. Pargi closely misses you. Pargi barely misses you.
Your hound barely misses Pargi.
You tentacle-slap Pargi. You squeeze Pargi!
Pargi is almost dead.
Your hound misses Pargi. Pargi bites you. Pargi claws you but does no damage.
Pargi barely misses you.
You miss Pargi. Your squeeze misses Pargi.
Pargi is almost dead. "Hum-dee-hum-dee-hum..."
Pargi evaporates and reforms as a rime drake!
Your hound closely misses Pargi.
Pargi bites you.
Your hound bites Pargi.
You tentacle-slap Pargi.
Pargi is heavily wounded.
Pargi barely misses you.
Your hound bites Pargi.
You closely miss Pargi. Your squeeze misses Pargi.
Pargi is heavily wounded.
Your hound bites Pargi.
Pargi breathes ice at your hound. The icy flash freeze hits your hound!
Your hound is flash-frozen.
You tentacle-slap Pargi.
Pargi is severely wounded.
Your hound bites Pargi.
Pargi completely misses your hound.
Your hound barely misses Pargi.
You tentacle-slap Pargi but do no damage.
Pargi is severely wounded.
Your hound is no longer encased in ice.
Pargi bites you.
Your hound barely misses Pargi.
Pargi breathes ice at you. The icy flash freeze hits you!!
Ouch! That really hurt!
You die...
Xom chortles!

######## ###......###
### ###...~..~...###
$)#
###..~.~####~..@~##~(#
##...~.### ###kh~~.###
..~..~## ##.~~...#
##...~~# #~~~~~###
###....~# #.....##.(
###.......~..### ?)#
##....~.## ### ######


You could see Pargi the rime drake (catching breath, ally target) and a friendly
hound (summoned).

Vanquished Creatures
  2 adders (D:3)
  An orc (D:3)
  3 bats
  3 endoplasms (D:1)
  2 goblins
  6 hobgoblins
  10 jackals
  4 kobolds
  2 quokkas (D:1)
  A ball python (D:2)
  5 frilled lizards
39 creatures vanquished.

Notes
Turn   | Place    | Note
-------+----------+-------------------------------------------
     0 | D:1      | Losyloc the Octopode Chaos Knight began the quest for the
                  | Orb.
     0 | D:1      | Reached XP level 1. HP: 16/16 MP: 1/1
    33 | D:1      | XOM: silly message
   136 | D:1      | Reached skill level 1 in Spellcasting
   197 | D:1      | XOM: silly message
   199 | D:1      | Reached XP level 2. HP: 19/21 MP: 3/3
   202 | D:1      | Reached skill level 1 in Poison Magic
   492 | D:1      | Reached XP level 3. HP: 26/26 MP: 5/5
   772 | D:2      | XOM: noise
  1074 | D:2      | XOM: scenery: summon butterflies
  1123 | D:2      | XOM: 2-stop teleportation journey
  1278 | D:3      | XOM: give mutations
  1278 | D:3      | Gained mutation: You are partially covered in iridescent
                  | scales. (AC +2) [Xom's grace]
  1278 | D:3      | Gained mutation: You are strong-willed. (Will+) [Xom's
                  | grace]
  1485 | D:3      | Found a glowing drain.
  1494 | D:3      | Reached XP level 4. HP: 21/31 MP: 7/7
  1543 | Sewer    | Entered a sewer
  1599 | Sewer    | Noticed Pargi
  1600 | Sewer    | XOM: swap monsters
  1604 | Sewer    | XOM: cast spell 'Call Canine Familiar'
  1611 | Sewer    | Pargi changed into Pargi the rime drake
  1611 | Sewer    | Noticed Pargi
  1611 | Sewer    | XOM: polymorph Pargi -> Pargi the rime drake
  1615 | Sewer    | Killed from afar by Pargi the rime drake

Illustrated notes

Levels and vault maps discovered:
D:1:      dpeg_arrival_simpleton_b, layout_rooms
D:2:      layout_loops_ring, grunt_ministairs_4
D:3:      cheibrodos_fertilizer, layout_loops_ring, portal_sewer_entry_d
Sewer:    sewer_the_moccasin

Skill      XL: |  1  2  3 |
---------------+----------+-----
Spellcasting   | 1 2 |  2.5
Poison Magic   | 1 2 |  2.4
Fighting       | |  3.0
Dodging        | |  2.3
Unarmed Combat | |  3.0

Action                     |  1- 3 |  4- 6 || total
---------------------------+-------+-------++-------
  Melee: Unarmed           |    87 |    11 ||    98
         Tentacles         |    19 |     4 ||    23
         Constrict         |    25 |     1 ||    26
         Punch             |     2 |       ||     2
  Evoke: Piece from Xom's  |       |     1 ||     1
   Stab: Sleeping          |     7 |     1 ||     8
         Confused          |       |     1 ||     1
 Armour: Skin              |    15 |     1 ||    16
  Dodge: Dodged            |    60 |     5 ||    65

Table legend: (Time is in decaauts)
 A = Elapsed time spent in this place.
 B = Non-inter-level travel time spent in this place.
 C = Inter-level travel time spent in this place.
 D = Time resting spent in this place.
 E = Time spent auto-exploring this place.
 F = Levels seen in this place.
 G = Mean time per level.
                   A        B        C        D        E       F      G
               +--------+--------+--------+--------+--------+-----+--------+
         Total |   1607 |   1607 |      0 |     50 |   1122 |   4 |  401.8 |
       Dungeon |   1536 |   1536 |      0 |     50 |   1075 |   3 |  512.0 |
         Sewer |     71 |     71 |      0 |      0 |     47 |   1 |   71.0 |
               +--------+--------+--------+--------+--------+-----+--------+

Top non-repeatable levels by time:
     D:2: 694 daAuts
     D:1: 543 daAuts
     D:3: 299 daAuts
   Sewer: 71 daAuts
